 Dungeon Crawl Stone Soup version 0.22-a0-456-g11ed031 (webtiles) character file.

81 nikopol the Magician (level 4, -2/24 HPs)
             Began as a Deep Elf Fire Elementalist on June 6, 2018.
             Slain by an adder (5 damage)
             ... on level 3 of the Dungeon.
             The game lasted 00:05:52 (2449 turns).

nikopol the Magician (Deep Elf Fire Elementalist)   Turns: 2449, Time: 00:05:53

Health: -2/24      AC:  3    Str:  5    XL:     4   Next: 19%
Magic:  0/12       EV: 13    Int: 21    God:
Gold:   109        SH:  0    Dex: 15    Spells: 2/12 levels left

rFire    . . .     SeeInvis .   (no weapon)
rCold    . . .     Gourm    .   (no shield)
rNeg     . . .     Faith    .   a - +0 robe
rPois    .         Spirit   .   (no helmet)
rElec    .         Reflect  .   (no cloak)
rCorr    .         Harm     .   l - +0 pair of gloves
MR       .....                  (no boots)
Stlth    ++........             (no amulet)
HPRegen  0.08/turn              (no ring)
MPRegen  0.13/turn              (no ring)

@: lethally poisoned (-2 -> -8), very slightly contaminated
A: no striking features
a: no special abilities


You were on level 3 of the Dungeon.
You were hungry.

You visited 1 branch of the dungeon, and saw 3 of its levels.

You collected 109 gold pieces.

Inventory:

Armour
 a - a +0 robe (worn)
 l - a +0 pair of gloves (worn)
Scrolls
 e - a scroll of random uselessness {unknown}
 f - 5 scrolls of identify {unknown}
 g - a scroll of teleportation {unknown}
 j - a scroll of amnesia {unknown}
Potions
 b - a potion of mutation {unknown}
 d - a potion of lignification {unknown}
 h - a potion of degeneration {unknown}
 i - a potion of agility {unknown}
 k - a potion of heal wounds {unknown}
 m - a potion of curing {unknown}
Comestibles
 c - 7 rations
 n - a chunk of flesh


   Skills:
 + Level 2.6 Dodging
 + Level 2.5 Stealth
 + Level 4.5 Spellcasting
 + Level 1.7 Conjurations
 + Level 4.3 Fire Magic


You had 2 spell levels left.
You knew the following spells:

 Your Spells              Type           Power        Failure   Level  Hunger
a - Flame Tongue          Conj/Fire      ###..        3%          1    None
b - Throw Flame           Conj/Fire      ###...       4%          2    #......
c - Conjure Flame         Conj/Fire      ###.....     10%         3    ##.....
d - Sticky Flame          Conj/Fire      ###.....     32%         4    ####...

Your spell library contained the following spells:

 Spells                   Type           Power        Failure   Level  Hunger
 Fireball                 Conj/Fire      ###.......   65%         5    ######.
 Inner Flame              Hex/Fire       ##......     14%         3    ##.....


Dungeon Overview and Level Annotations

Branches:
Dungeon (3/15)

Altars:
Wu Jian


Message History

You feel sick. The adder bites you.
* * * LOW HITPOINT WARNING * * *
You feel sick.
Casting: Sticky Flame (quite dangerous; 32% risk of failure)
Confirm with . or Enter, or press ? or * to list all spells.
Aiming: Flame Tongue (safe; 3% risk of failure)
Press: ? - help, Shift-Dir - straight line, f/p - adder
Aim: an adder (severely wounded)
The flame tongue hits the adder.
The adder is almost dead.
The adder bites you but does no damage.
You feel sick. The adder bites you.
* * * LOW HITPOINT WARNING * * *
You are lethally poisoned!
The adder poisons you!
* * * LOW HITPOINT WARNING * * *
You feel sick.
* * * LOW HITPOINT WARNING * * *
You feel sick. The adder bites you.
You die...

# #<.......≈≈≈≈.# ##..## #.#
.#..≈≈≈≈≈.≈≈≈≈.# ##..## #.#
...≈≈≈≈≈.≈≈≈≈.## ##..# #.#
#.≈≈≈≈≈.≈≈≈≈..## ##.## #.#
#.≈≈≈≈≈.≈≈≈≈...## #..# #.#
#.)...)......#..# ##.###.#
##.####.#####.######..##.#
#######.####.#####....<###..#.#
.%......>)..g..S@......# ##...#
######################## #####


You could see an adder and a hobgoblin.

Vanquished Creatures
  3 oozes
  2 worms
  2 dart slugs
  2 leopard geckos
  An orc (D:3)
  4 bats (D:1)
  4 giant cockroaches
  6 goblins
  3 hobgoblins
  6 jackals
  10 kobolds
  A ball python (D:2)
  2 frilled lizards
  5 rats
51 creatures vanquished.

Notes
Turn   | Place    | Note
-------+----------+-------------------------------------------
     0 | D:1      | nikopol the Deep Elf Fire Elementalist began the quest for the Orb.
     0 | D:1      | Reached XP level 1. HP: 10/10 MP: 6/6
   156 | D:1      | Reached XP level 2. HP: 15/15 MP: 6/8
   429 | D:1      | Reached XP level 3. HP: 19/19 MP: 3/10
   906 | D:2      | Learned a level 2 spell: Throw Flame
   910 | D:2      | Learned a level 3 spell: Conjure Flame
  1529 | D:2      | Found an ornate altar of the Wu Jian Council.
  1805 | D:3      | Noticed a centaur
  1809 | D:2      | Reached XP level 4. HP: 19/24 MP: 9/12
  1818 | D:2      | Learned a level 4 spell: Sticky Flame
  2449 | D:3      | Slain by an adder

Vault maps used:
D:1:      mrwooster_arrival_statue_3
D:2:      nicolae_overflow_hidden_temple
D:3:      first_ration, minivault_14

Skill      XL: |  1  2  3 |
---------------+----------+-----
Fire Magic     | 4 |  4.3
Spellcasting   | 4 |  4.5
Dodging        | |  2.6
Stealth        | |  2.5
Conjurations   | |  1.7

Action                   |  1- 3 |  4- 6 || total
-------------------------+-------+-------++-------
 Cast: Flame Tongue      |    83 |    15 ||    98
       Throw Flame       |       |     3 ||     3
  Eat: Chunk             |     2 |     2 ||     4
Armor: Robe              |     4 |     1 ||     5
Dodge: Dodged            |    33 |     6 ||    39

Table legend:
 A = Spawn XP
 B = Non-spawn XP
 C = Spawn XP percentage of total XP
 D = Spawn monster count
 E = Non-spawn monster count
 F = Spawn count percentage of total count
 G = Total turns spent on level
                    A         B        C        D         E        F      G
               +---------+---------+-------+---------+---------+-------+---------
         Total |       0 |     116 |   0.0 |       0 |      51 |   0.0 |  2449
               +---------+---------+-------+---------+---------+-------+---------
           D:1 |       0 |      61 |   0.0 |       0 |      26 |   0.0 |   840
           D:2 |       0 |      37 |   0.0 |       0 |      19 |   0.0 |  1462
           D:3 |       0 |      18 |   0.0 |       0 |       6 |   0.0 |   147
               +---------+---------+-------+---------+---------+-------+---------
